 Dungeon Crawl Stone Soup version 0.17-a0-1481-gfdcec5c (webtiles) character file.

914 Goblin1989 the Fighter (level 7, -7/72 HPs)
             Began as a Minotaur Hunter on July 4, 2015.
             Mangled by a killer bee (8 damage)
             ... on level 4 of the Dungeon.
             The game lasted 00:24:31 (5618 turns).

Goblin1989 the Fighter (Minotaur Hunter)            Turns: 5618, Time: 00:24:34

Health: -7/72      AC:  6    Str: 16    XL:     7   Next: 82%
Magic:  6/6        EV: 11    Int:  8    God:
Gold:   246        SH:  0    Dex: 13    Spells: 0 memorised, 6 levels left

rFire  . . .     SeeInvis .     x - +0 spear
rCold  . . .     Clarity  .     l - +1 ring mail
rNeg   . . .     SustAt   .     (no shield)
rPois  .         Gourm    .     (helmet restricted)
rElec  .         Spirit   .     (no cloak)
rCorr  .         Warding  .     (no gloves)
rMut   .         Stasis   .     (no boots)
MR     .....                    (no amulet)
Stlth  +.........               (no ring)
                                (no ring)

@: lethally poisoned (-7 -> -24), not resistant to hostile enchantments, very
unstealthy
A: retaliatory headbutt, horns 2
a: no special abilities


You were on level 4 of the Dungeon.
You were hungry.

You visited 1 branch of the dungeon, and saw 5 of its levels.

You collected 246 gold pieces.

Inventory:

Hand weapons
 a - a +1 shortbow
 x - a +0 spear (weapon)
Missiles
 b - 86 arrows (quivered)
 v - 11 arrows of flame
Armour
 l - a +1 ring mail (worn)
Jewellery
 o - an uncursed ring of wizardry {unknown}
 p - an uncursed ring of ice {unknown}
 q - an uncursed ring of see invisible {unknown}
Magical devices
 k - a wand of polymorph (8)
 t - a wand of digging (11)
 u - a wand of teleportation (4)
Scrolls
 d - a scroll of fear
 e - 2 scrolls of enchant weapon {unknown}
 g - a scroll of blinking
 j - a scroll of teleportation
 r - a scroll of random uselessness {unknown}
 y - a scroll of magic mapping {unknown}
Comestibles
 c - 3 meat rations
 f - 2 beef jerkies
 h - 2 slices of pizza
 m - a royal jelly


   Skills:
 - Level 10.0 Fighting
 + Level 1.6 Polearms
 - Level 5.2 Bows
 - Level 2.4 Armour
 - Level 2.1 Dodging
 - Level 0.7 Stealth


You had 6 spell levels left.
You didn't know any spells.

Dungeon Overview and Level Annotations

Branches:
Dungeon (5/15)
 Temple: D:4-7

Altars:
Makhleb
Zin

Shops:
D:4 [

Annotations:
D:4 Ajdolov's ghost, experienced MfGl


Innate Abilities, Weirdness & Mutations

You reflexively headbutt those who attack you in melee.
You have a pair of horns on your head.


Message History

* * * LOW HITPOINT WARNING * * *
The killer bee stings you!
* * * LOW HITPOINT WARNING * * *
You completely miss the killer bee. You headbutt the killer bee!
The killer bee is severely wounded.
You feel less invigorated.
You feel less confused.
You feel sick. The killer bee stings you.
* * * LOW HITPOINT WARNING * * *
You are more poisoned.
The killer bee poisons you!
The killer bee stings you but does no damage. x3
Drink which item? (? for menu, Esc to quit)
You feel magically purged.
* * * LOW HITPOINT WARNING * * *
You feel sick. The killer bee stings you.
* * * LOW HITPOINT WARNING * * *
You are more poisoned.
The killer bee poisons you! The killer bee stings you!
You die...

####.# ##........# ##... .##.##
#..#......# ##.... ....#
##.###.....## #....# ....# #..#
#......## ##....#
....#####.####.......### ##.....#
##.....#...##..........###.......
#..##..........)>..............#.
..######.......y.y#...........###
..# ##.......@##.....#....## #
#.## #..###...##...####....##
#..# ##.###..###..## ##....##
...## #..#.......## ##.......
....## ##...<.......####..#####.
.....####.....###.....#.....# ##
.###..#...##..# ##......###.## ##
#.....####.## #....### ##.# #
##.###..# #..# #....## #.####


You could see 2 killer bees.

Vanquished Creatures
  2 phantoms
  A centaur (D:5)
  4 killer bees
  A crimson imp (D:4)
  A jelly (D:5)
  2 giant frog skeletons
  Terence (D:2)
  An iguana (D:3)
  2 worker ants (D:4)
  Robin (D:4)
  11 adders
  7 gnolls (D:4)
  An ooze (D:3)
  4 giant geckos
  2 orcs
  2 ball pythons (D:3)
  11 bats
  2 bat skeletons (D:5)
  3 giant cockroaches
  13 hobgoblins
  5 jackals (D:3)
  5 quokkas
  4 giant newts
  16 goblins
  A jackal zombie (D:5)
  6 kobolds
  9 rats
118 creatures vanquished.

Vanquished Creatures (others)
  7 toadstools (D:1)
7 creatures vanquished.

Grand Total: 125 creatures vanquished

Notes
Turn   | Place    | Note
--------------------------------------------------------------
     0 | D:1      | Goblin1989 the Minotaur Hunter began the quest for the Orb.
     0 | D:1      | Reached XP level 1. HP: 18/18 MP: 0/0
   412 | D:1      | Reached XP level 2. HP: 26/26 MP: 1/1
   809 | D:2      | Reached XP level 3. HP: 33/33 MP: 2/2
  1138 | D:2      | Noticed Terence
  1170 | D:2      | Killed Terence
  1170 | D:2      | Reached skill level 1 in Armour
  1170 | D:2      | Reached XP level 4. HP: 35/41 MP: 3/3
  1273 | D:2      | Reached skill level 5 in Fighting
  1465 | D:3      | Found a glowing silver altar of Zin.
  1471 | D:3      | Found a burning altar of Makhleb.
  2067 | D:3      | Reached XP level 5. HP: 9/50 MP: 4/4
  2594 | D:4      | Reached skill level 6 in Fighting
  3028 | D:4      | Noticed a phantom
  3119 | D:4      | Reached skill level 7 in Fighting
  3393 | D:4      | Killed a phantom
  3393 | D:4      | Reached XP level 6. HP: 16/61 MP: 5/5
  3483 | D:4      | Noticed Ajdolov's ghost (experienced MfGl)
  4061 | D:4      | Reached skill level 8 in Fighting
  4073 | D:4      | Noticed Robin
  4123 | D:5      | Entered Level 5 of the Dungeon
  4340 | D:5      | Reached XP level 7. HP: 63/69 MP: 6/6
  4389 | D:5      | Reached skill level 9 in Fighting
  4843 | D:4      | Reached skill level 10 in Fighting
  4931 | D:4      | Killed Robin
  5173 | D:4      | Reached skill level 5 in Bows
  5298 | D:4      | Found Gapnu's Armour Shop.
  5614 | D:4      | Reached skill level 1 in Polearms
  5618 | D:4      | HP: 1/72 [killer bee (4)]
  5618 | D:4      | Mangled by a killer bee

Vault maps used:
D:1:      nagdon_arrival_double_spiral, minmay_liquid_box,
          minmay_strange_pillars, minivault_4
D:2:      uniq_terence
D:3:      overflow_temple_1_default, lightli_sewer_entry_pipes, st_stairs_5,
          bloody_makhleb
D:4:      serial_shops, shop_statue, uniq_robin
D:5:      grunt_temple_overflow_cloverleaf, lemuel_coloured_pillars_altar,
          first_bread

Action                   |  1- 3 |  4- 6 |  7- 9 || total
-------------------------+-------+-------+-------++-------
Melee: Short sword       |    77 |   168 |       ||   245
       Rapier            |       |    53 |    90 ||   143
       Spear             |       |       |     3 ||     3
 Fire: Shortbow          |       |     4 |    41 ||    45
  Use: Scroll            |       |    10 |     1 ||    11
       Potion            |       |     3 |    11 ||    14
 Stab: Invisible         |       |     5 |       ||     5
  Eat: Chunk             |     1 |     6 |     4 ||    11
       Bread ration      |       |     1 |       ||     1
